 Dungeon Crawl Stone Soup version 0.16-a0-129-gbf5829b (webtiles) character file.

74 Malachi the Magician (level 4, -3/30 HPs)
             Began as a Mummy Wizard on Aug 13, 2014.
             Slain by a worker ant (5 damage)
             ... on Level 1 of the Dungeon.
             The game lasted 00:06:43 (3140 turns).

Malachi the Magician (Mummy Wizard)                 Turns: 3140, Time: 00:06:43

HP  -3/30        AC  2     Str 10      XL: 4   Next:  9%
MP   0/11        EV 12     Int 18      God:
Gold 136         SH  0     Dex 10      Spells:  4 memorised,  3 levels left

rFire  x . .     SeeInvis .     e - +1 short sword
rCold  + . .     Clarity  .     a - +0 robe
rNeg   + + +     rCorr    .     (no shield)
rPois  +         rRot     +     b - +0 hat
rElec  .         Spirit   .     (no cloak)
SustAb .         Warding  .     (no gloves)
rMut   .         Stasis   .     (no boots)
Gourm  .                        (no amulet)
MR     .....                    (no ring)
                                (no ring)

@: very slightly contaminated, not resistant to hostile enchantments, unstealthy
A: no food or potions, fire vulnerability, restore body, cold resistance 1,
negative energy resistance 3, poison resistance, torment resistance, unbreathing
a: no special abilities


You were on level 1 of the Dungeon.
You were not hungry.

You visited 1 branch of the dungeon, and saw 2 of its levels.

You collected 136 gold pieces.

Inventory:

Hand weapons
 e - a +1 short sword (weapon)
Missiles
 d - 16 stones (quivered)
Armour
 a - a +0 robe (worn)
 b - a +0 hat (worn)
Scrolls
 g - a scroll of immolation
 h - 4 scrolls of teleportation {unknown}
 i - 2 scrolls of identify {unknown}
Books
 c - a book of Minor Magic

   Spells                             Type                      Level
   *Magic Dart                        Conjuration                  1
   *Blink                             Translocation                2
   *Call Imp                          Summoning                    2
   Repel Missiles                     Charms/Air                   2
   Slow                               Hexes                        2
   *Conjure Flame                     Conjuration/Fire             3
   Mephitic Cloud                     Conjuration/Poison/Air       3


   Skills:
 + Level 0.2 Fighting
 + Level 2.0 Dodging
 + Level 1.6 Stealth
 + Level 4.1 Spellcasting
 + Level 1.4 Conjurations
 * Level 0.8 Summonings
 + Level 0.7 Translocations


You had 3 spell levels left.
You knew the following spells:

 Your Spells              Type           Power        Failure   Level  Hunger
a - Magic Dart            Conj           #...         12%         1    N/A
b - Blink                 Tloc           N/A          17%         2    N/A
c - Call Imp              Summ           #.......     17%         2    N/A
f - Conjure Flame         Conj/Fire      #.......     34%         3    N/A

Dungeon Overview and Level Annotations

Branches:
Dungeon (2/15)

Altars:


Innate Abilities, Weirdness & Mutations

You do not eat or drink.
Your flesh is vulnerable to fire.
Your flesh is cold resistant.
You are immune to negative energy.
Your system is resistant to poisons.
You are immune to unholy pain and torment.
You can survive without breathing.


Message History

Casting: Blink
Confirm with . or Enter, or press ? or * to list all spells.
You miscast Blink.
You are very lightly contaminated with residual magic.
You feel a wrenching sensation. The worker ant bites you.
* * * LOW HITPOINT WARNING * * *
You aren't carrying any items that can be evoked.
Unknown command.
Read which item? (? for menu, Esc to quit)
As you read the scroll labeled THROIR OCZUAMN, it crumbles to dust.
It is a scroll of enchant weapon.
Enchant which weapon? (? for menu, Esc to quit)
Your +0 short sword glows red for a moment.
The worker ant closely misses you.
Read which item? (? for menu, Esc to quit)
As you read the scroll labeled ERIOTIGASOXT, it crumbles to dust.
The creatures around you are filled with an inner flame!
It was a scroll of immolation.
The worker ant barely misses you. The worker ant bites you.
You die...

#.........)....#...........
########.#.........#.#..#########
.........#....................###
##########.#######.##...#####.#..
#...........#...a..........[#.#.#
#.########..#.###.....#..##.#.#.#
#.#......[..#.##..........#.#.#.#
.).............#......#...#.#.#.#
#...........#..#@#..#.##.##.#.#.#
#.........###.K#a##.#.......#.#.#
#.#...###%# #..#K##.#....>###.#.#
.....## #.# #..#.##.#.#######.#.#
.....# #.# #..#'##'#'#..........
.....# #.# #.............###.#.#
.....# #.###.............# #....
.....# #.....#.........).# #...#
.....# #######...........# #....


You could see a worker ant (inner flame) and a kobold (inner flame).

Vanquished Creatures
  2 adders
  A giant mite (D:1)
  A giant gecko (D:2)
  4 bats
  4 giant cockroaches
  8 goblins
  3 hobgoblins
  2 jackals (D:2)
  An ooze (D:1)
  A ball python (D:1)
  2 giant newts (D:1)
  8 kobolds
  3 rats (D:1)
40 creatures vanquished.

Vanquished Creatures (collateral kills)
  An adder (D:2)
1 creature vanquished.

Grand Total: 41 creatures vanquished

Notes
Turn   | Place    | Note
--------------------------------------------------------------
     0 | D:1      | Malachi, the Mummy Wizard, began the quest for the Orb.
     0 | D:1      | Reached XP level 1. HP: 13/13 MP: 4/4
   454 | D:1      | Reached XP level 2. HP: 11/19 MP: 0/6
   747 | D:1      | Learned a level 2 spell: Blink
   750 | D:1      | Learned a level 2 spell: Call Imp
   773 | D:1      | Reached skill level 1 in Conjurations
  1605 | D:1      | Reached XP level 3. HP: 8/24 MP: 0/8
  2493 | D:2      | Reached skill level 4 in Spellcasting
  2697 | D:2      | Reached XP level 4. HP: 30/30 MP: 11/11
  3028 | D:2      | Learned a level 3 spell: Conjure Flame
  3137 | D:1      | HP: 1/30 [worker ant (4)]
  3140 | D:1      | Slain by a worker ant

Action                   |  1- 3 |  4- 6 || total
-------------------------+-------+-------++-------
Melee: Short sword       |    44 |       ||    44
Throw: Stone             |       |     4 ||     4
 Cast: Magic Dart        |    94 |    14 ||   108
       Call Imp          |     2 |       ||     2
       Conjure Flame     |       |     4 ||     4
       Blink             |       |     1 ||     1
  Use: Scroll            |       |     2 ||     2
 Stab: Sleeping          |     1 |       ||     1
